 Dungeon Crawl Stone Soup version 0.27.1-35-g4d5d836560 (webtiles) character file.

Game seed: 4597844055439423770

75 Delamore the Sneak (level 4, 0/29 HPs)
             Began as an Octopode Brigand on Mar 15, 2022.
             Succumbed to an adder's poison
             ... on level 2 of the Dungeon.
             The game lasted 00:01:50 (1549 turns).

Delamore the Sneak (Octopode Brigand)               Turns: 1549, Time: 00:01:50

Health: 0/29       AC:  1    Str: 10    XL:     4   Next: 31%
Magic:  4/4        EV: 12    Int: 13    God:
Gold:   61         SH:  3    Dex: 14    Spells: 3/3 levels left

rFire    . . .     SeeInvis .   a - +2 dagger
rCold    . . .     Faith    .   k - +0 buckler
rNeg     . . .     Spirit   .   (helmet restricted)
rPois    .         Reflect  .   (no amulet)
rElec    .         Harm     .   (no ring)
rCorr    .         Rampage  .   (no ring)
Will     .....                  (no ring)
Stlth    ++++......             (no ring)
HPRegen  0.09/turn              (no ring)
MPRegen  0.09/turn              (no ring)
                                (no ring)
                                (no ring)

@: brilliant, lethally poisoned (0 -> -16)
A: almost no armour, amphibious, 8 rings, camouflage 1, gelatinous body 1,
(nimble swimmer 1), tentacles
a: no special abilities


You were on level 2 of the Dungeon.
You visited 1 branch of the dungeon, and saw 2 of its levels.

You collected 61 gold pieces.

Inventory:

Hand Weapons
 a - a +2 dagger (weapon)
Missiles
 b - 22 poisoned darts (quivered)
 c - 9 curare-tipped darts
Armour
 k - a +0 buckler (worn)
Scrolls
 f - 2 scrolls of fear
 l - a scroll of holy word
Potions
 d - a potion of heal wounds {unknown}
 g - a potion of might {unknown}
 i - a potion of ambrosia {unknown}
 j - a potion of flight {unknown}


   Skills:
 - Level 2.0 Fighting
 + Level 2.9 Short Blades
 - Level 2.0 Throwing
 - Level 1.0 Dodging
 * Level 7.1 Stealth
 + Level 0.6 Shields


You had 3 spell levels left.
You didn't know any spells.
Your spell library contained the following spells:

 Spells                   Type           Power      Damage    Failure   Level
 Freeze                   Ice            0%         1d3       43%         1
 Frozen Ramparts          Ice            0%         1d2       80%         3
 Hailstorm                Conj/Ice       0%         3d3       99%         4
 Fireball                 Conj/Fire      0%         3d3       100%        5
 Starburst                Conj/Fire      0%         6d3       100%        6
 Ignition                 Fire           0%         3d3       100%        8


Dungeon Overview and Level Annotations

Branches:
Dungeon (2/15)

Altars:

Shops:
D:1 (


Innate Abilities, Weirdness & Mutations

You cannot wear most types of armour.
You are amphibious.
You can wear up to eight rings at the same time.
Your skin changes colour to match your surroundings (Stealth+).
Your rubbery body absorbs attacks. (AC +1, EV +1)
((You are camouflaged near water. (Stealth+)))
You have tentacles for arms and can constrict up to eight enemies at once.


Message History

You feel sick. The adder closely misses you.
The kobold hits you with a +0 whip.
You hit the adder. Your grab misses the adder.
The adder is almost dead.
You feel sick. The adder bites you.
You are more poisoned.
The adder poisons you! The kobold barely misses you. The adder bites you.
You are lethally poisoned!
The adder poisons you!
You are too injured to fight recklessly!
You are too injured to fight recklessly!
You are too injured to fight recklessly!
You are too injured to fight recklessly!
You are too injured to fight recklessly!
You are too injured to fight recklessly!
You are too injured to fight recklessly!
You are too injured to fight recklessly!
You are too injured to fight recklessly!
You are too injured to fight recklessly!
Your shield prevents you from hitting the adder.
Your grab misses the adder.
The adder is almost dead.
* * * LOW HITPOINT WARNING * * *
You feel very sick. The adder barely misses you. The kobold barely misses you.
You closely miss the adder. You grab the adder.
The adder is severely wounded.
You constrict the adder.
* * * LOW HITPOINT WARNING * * *
You feel very sick. The adder bites you.
* * * LOW HITPOINT WARNING * * *
You are more poisoned.
The adder poisons you! The kobold barely misses you.
Okay, then.
It was a potion of brilliance.
You feel clever all of a sudden.
You constrict the adder.
You kill the adder!
You die...

......>.....#.##
##...####.†.#..#
####.# ######.#
# #.# #.# ## #..
###.##### .#
##.# #.......#
.## ..
###.......# ..#
###...........#
..# ####....@..#
.## #....K..# .#
#.......# .#
#....(..# ##
#.....<.#
#.......#
#########


You could see a kobold.

Vanquished Creatures
  A gnoll (D:1)
  3 adders (D:2)
  A worm (D:2)
  3 dart slugs
  An endoplasm (D:1)
  2 giant cockroaches (D:1)
  3 hobgoblins
  2 jackals (D:1)
  A quokka (D:2)
  3 ball pythons
  7 bats
  2 frilled lizards (D:2)
  7 goblins
  A kobold (D:1)
  4 rats (D:1)
41 creatures vanquished.

Notes
Turn   | Place    | Note
-------+----------+-------------------------------------------
     0 | D:1      | Delamore the Octopode Brigand began the quest for the Orb.
     0 | D:1      | Reached XP level 1. HP: 14/14 MP: 1/1
   180 | D:1      | Reached XP level 2. HP: 19/19 MP: 2/2
   366 | D:1      | Reached skill level 6 in Stealth
   573 | D:1      | Reached XP level 3. HP: 24/24 MP: 3/3
   680 | D:1      | Found Ledesoa's Weapon Boutique.
  1278 | D:2      | Reached XP level 4. HP: 21/29 MP: 4/4
  1483 | D:2      | Reached skill level 7 in Stealth
  1549 | D:2      | Succumbed to an adder's poison

Illustrated notes

Levels and vault maps discovered:
D:1:      minmay_arrival_jagged, layout_basic, serial_shops,
          nicolae_shop_behind_doors, minmay_misc_feat_secret_circle,
          st_stairs_4, chequers_avenue
D:2:      layout_rooms

Skill      XL: |  1  2  3  4 |
---------------+-------------+-----
Stealth        | 6 7 |  7.1
Fighting       | |  2.0
Short Blades   | |  2.9
Throwing       | |  2.0
Dodging        | |  1.0
Shields        | |  0.6

Action                   |  1- 3 |  4- 6 || total
-------------------------+-------+-------++-------
Melee: Dagger            |    63 |     9 ||    72
       Constrict         |    11 |     1 ||    12
       Tentacles         |     9 |       ||     9
  Use: Scroll            |     1 |     1 ||     2
       Potion            |       |     1 ||     1
 Stab: Sleeping          |    17 |     3 ||    20
Armor: Skin              |     9 |     1 ||    10
Dodge: Dodged            |    21 |     8 ||    29
Block: Buckler           |       |     1 ||     1
